 Dungeon Crawl Stone Soup version 0.21.1-1-g345015f (webtiles) character file.

2131 Gildeon the Grappler (level 9, 0/96 HPs)
             Began as a Troll Fighter on June 27, 2018.
             Was a Follower of Nemelex Xobeh.
             Succumbed to a killer bee's poison
             ... on level 8 of the Dungeon.
             The game lasted 00:19:28 (5283 turns).

Gildeon the Grappler (Troll Fighter)                Turns: 5283, Time: 00:19:28

Health: 0/96       AC:  6    Str: 37      XL:     9   Next: 9%
Magic:  0/9        EV: 11    Int:  4 (5)  God:    Nemelex Xobeh [*.....]
Gold:   349        SH:  0    Dex: 11      Spells: 8/8 levels left

rFire    . . .     SeeInvis +     - Unarmed
rCold    + . .     Gourm    +   (no shield)
rNeg     . . .     Faith    .   h - +1 robe {rC+}
rPois    .         Spirit   +   (helmet restricted)
rElec    .         Reflect  .   (no cloak)
rCorr    .         Harm     .   (gloves unavailable)
MR       .....                  (boots unavailable)
Stlth    +.........             l - amulet of guardian spirit
HPRegen  0.66/turn              b - +6 ring of strength
MPRegen  0.11/turn              k - ring of see invisible

@: mighty, lethally poisoned (0 -> -1), drained
A: large, unfitting armour, claws 3, blink, deterioration 2, fast metabolism 3,
gourmand, regeneration 1, robust 1, shaggy fur 1, tough skin 2
a: Blink, Renounce Religion


You were on level 8 of the Dungeon.
You worshipped Nemelex Xobeh.
Nemelex Xobeh was aware of your devotion.
You were very full.

You visited 1 branch of the dungeon, and saw 8 of its levels.

You collected 349 gold pieces.

Inventory:

Hand Weapons
 s - the +9 dagger of Niciusya {pierce, rElec Dex+5 Stlth-}
   (You found it on level 5 of the Dungeon)

   It inflicts extra damage upon your enemies.
   It affects your dexterity (+5).
   It insulates you from electricity.
   It makes you less stealthy.
Armour
 h - a +1 robe of cold resistance (worn)
Jewellery
 b - a +6 ring of strength (left claw)
 j - an uncursed amulet of harm
 k - a ring of see invisible (right claw)
 l - an amulet of guardian spirit (around neck)
Wands
 a - a wand of digging (18)
Scrolls
 e - a scroll of amnesia
 f - 4 scrolls of remove curse
 g - 2 scrolls of teleportation
 p - a scroll of fear
Potions
 m - a potion of invisibility
 n - a potion of cancellation
 q - 2 potions of flight
Miscellaneous
 r - a plain deck of summoning {drawn: 5}
Comestibles
 d - 17 rations


   Skills:
 - Level 5.0(4.0) Fighting
 - Level 5.0(4.0) Dodging
   Level 2.4(1.4) Shields
 * Level 8.8(7.7) Unarmed Combat
 + Level 2.2(1.3) Invocations
 + Level 1.7(0.8) Evocations


You had 8 spell levels left.
You didn't know any spells.

Dungeon Overview and Level Annotations

Branches:
Dungeon (8/15)             Temple (0/1) D:6
   Lair: D:8-11

Altars:
Dithmenos
Elyvilon
Nemelex Xobeh
Uskayaw
Xom

Shops:
D:6 }


Innate Abilities, Weirdness & Mutations

You are too large for most types of armour.
You have claws for hands.
Your metabolism is lightning-fast.
You like to eat raw meat.
Your natural rate of healing is unusually fast.
You are covered in fur. (AC +1)
You have very tough skin. (AC +2)
You can translocate small distances at will.
Your body often deteriorates upon taking damage.
You are robust. (+10% HP)


Message History

You miss the killer bee.
The killer bee is severely wounded.
You feel sick. The killer bee stings you.
* * * LOW HITPOINT WARNING * * *
You are more poisoned.
The killer bee poisons you!
You miss the killer bee.
The killer bee is severely wounded.
You feel sick. The killer bee stings you!
* * * LOW HITPOINT WARNING * * *
The killer bee stings you!
* * * LOW HITPOINT WARNING * * *
You closely miss the killer bee.
The killer bee is severely wounded.
* * * LOW HITPOINT WARNING * * *
You feel sick. The killer bee closely misses you. x2
You eviscerate the killer bee!!!
You kill the killer bee!
You die...
Your body disappears without a glow.

####################.
#....................
#.##################.
#.# ## #.# #.# #.#
######.######
#........@†.#
#.####.####.# #.# ..#
#.# #... #.# .### #.#
.. ... .# .# .#


There were no monsters in sight!

Vanquished Creatures
  A steam dragon (D:7)
  Menkaure (D:7)
  An ogre (D:6)
  2 centaurs
  A bullfrog (D:6)
  A scorpion (D:4)
  6 killer bees (D:8)
  The ghost of diana the Poker, a weakling MfGl (D:3)
  A centaur zombie (D:5)
  2 crimson imps
  A bullfrog zombie (D:6)
  4 hounds
  2 jellies
  3 orc priests
  A centaur skeleton (D:4)
  An iguana (D:7)
  4 orc wizards
  5 worker ants
  A killer bee zombie (D:7)
  2 worker ant zombies
  11 gnolls
  7 adders
  A howler monkey skeleton (D:5)
  A shadow imp (D:7)
  2 worms (D:2)
  3 dart slugs
  3 leopard geckos
  8 orcs
  6 bats
  6 giant cockroaches
  8 goblins
  9 hobgoblins
  6 jackals (D:4)
  4 quokkas
  A ball python (D:5)
  6 frilled lizards
  8 kobolds
  A rat (D:2)
132 creatures vanquished.

Vanquished Creatures (collateral kills)
  An orc warrior (D:6)
  An ogre (D:6)
  2 bullfrogs (D:6)
  An orc priest (D:6)
  An orc wizard (D:6)
  A leopard gecko (D:6)
  4 orcs (D:6)
11 creatures vanquished.

Grand Total: 143 creatures vanquished

Notes
Turn   | Place    | Note
-------+----------+-------------------------------------------
     0 | D:1      | Gildeon the Troll Fighter began the quest for the Orb.
     0 | D:1      | Reached XP level 1. HP: 22/22 MP: 0/0
   256 | D:1      | Reached XP level 2. HP: 24/29 MP: 1/1
   646 | D:2      | Reached skill level 3 in Unarmed Combat
   646 | D:2      | Reached XP level 3. HP: 36/36 MP: 2/2
   658 | D:2      | Reached XP level 4. HP: 33/44 MP: 0/3
  1658 | D:3      | Noticed diana's ghost (weakling MfGl)
  1669 | D:3      | Reached skill level 4 in Unarmed Combat
  1669 | D:3      | Reached XP level 5. HP: 48/53 MP: 4/4
  1690 | D:3      | Killed diana's ghost
  2509 | D:4      | Reached XP level 6. HP: 55/61 MP: 5/5
  2634 | D:4      | Reached skill level 5 in Unarmed Combat
  2892 | D:4      | Found a white marble altar of Elyvilon.
  2894 | D:4      | Found a snail-covered altar of Cheibriados.
  2894 | D:4      | Found an ancient bone altar of Kikubaaqudgha.
  2898 | D:4      | Found an ancient bone altar of Kikubaaqudgha.
  2898 | D:4      | Found a deep blue altar of Sif Muna.
  2898 | D:4      | Found a shimmering altar of Xom.
  3102 | D:5      | Entered Level 5 of the Dungeon
  3230 | D:5      | Reached XP level 7. HP: 59/68 MP: 6/6
  3263 | D:5      | Found a sparkling altar of Nemelex Xobeh.
  3269 | D:5      | Became a worshipper of Nemelex Xobeh the Trickster
  3333 | D:5      | Reached skill level 6 in Unarmed Combat
  3490 | D:5      | Received a gift from Nemelex Xobeh
  3536 | D:5      | Got a fine dagger
  3537 | D:5      | Identified the +9 dagger of Niciusya {pierce, rElec Dex+5 Stlth-} (You found it on level 5 of the Dungeon)
  3588 | D:5      | Found a shadowy altar of Dithmenos.
  3866 | D:6      | Gained mutation: Your body sometimes deteriorates upon taking damage. [potion of mutation]
  3866 | D:6      | Gained mutation: You are robust. (+10% HP) [potion of mutation]
  3866 | D:6      | Gained mutation: Your body often deteriorates upon taking damage. [potion of mutation]
  3866 | D:6      | Gained mutation: You can translocate small distances at will. [potion of mutation]
  3907 | D:6      | Found Venusost's Gadget Boutique.
  4041 | D:6      | Reached skill level 7 in Unarmed Combat
  4041 | D:6      | Reached XP level 8. HP: 81/86 MP: 7/7
  4056 | D:6      | Found a staircase to the Ecumenical Temple.
  4338 | D:6      | Reached * piety under Nemelex Xobeh
  4522 | D:7      | Reached skill level 5 in Fighting
  4522 | D:7      | Reached skill level 5 in Dodging
  4660 | D:7      | Reached skill level 8 in Unarmed Combat
  4726 | D:7      | Noticed Menkaure
  4736 | D:7      | Killed Menkaure
  4736 | D:7      | Reached skill level 1 in Invocations
  4736 | D:7      | Reached skill level 1 in Evocations
  4896 | D:7      | Found a white marble altar of Elyvilon.
  4896 | D:7      | Found a hide-covered altar of Uskayaw.
  5259 | D:8      | Reached XP level 9. HP: 37/96 MP: 5/9
  5281 | D:8      | HP: 1/96 [killer bee (6)]
  5283 | D:8      | Succumbed to a killer bee's poison

Skill      XL: |  1  2  3  4  5  6  7  8 |
---------------+-------------------------+-----
Unarmed Combat | 3 4 5 7 8 |  8.8
Fighting       | 3 4 5 |  5.0
Dodging        | 3 4 5 |  5.0
Invocations    | 2 |  2.2
Evocations     | 1 |  1.7
Shields        | |  2.4

Action                   |  1- 3 |  4- 6 |  7- 9 || total
-------------------------+-------+-------+-------++-------
Melee: Unarmed           |    62 |   215 |   157 ||   434
       Punch             |       |     4 |     4 ||     8
Evoke: Deck              |       |       |     5 ||     5
  Use: Scroll            |     5 |     3 |     7 ||    15
       Potion            |       |       |     7 ||     7
 Stab: Sleeping          |     1 |     1 |       ||     2
  Eat: Chunk             |    11 |    24 |    17 ||    52
Armor: Robe              |    17 |    72 |    33 ||   122
Dodge: Dodged            |    27 |   122 |    98 ||   247
